 Dungeon Crawl Stone Soup version 0.17-a0-1056-g838d5c0 (webtiles) character file.

672 oplop the Stinger (level 7, -7/53 HPs)
             Began as a Merfolk Venom Mage on May 16, 2015.
             Was an Initiate of Cheibriados.
             Mangled by an ice beast (13 damage)
             ... on level 5 of the Dungeon.
             The game lasted 00:16:23 (5361 turns).

oplop the Stinger (Merfolk Venom Mage)              Turns: 5361, Time: 00:16:23

Health: -7/53      AC:  5    Str: 11    XL:     7   Next: 59%
Magic:  22/22      EV: 15    Int: 16    God:    Cheibriados [......]
Gold:   300        SH:  0    Dex: 15    Spells: 3 memorised, 7 levels left

rFire  . . .     SeeInvis .     v - +0 trident
rCold  . . .     Clarity  .     a - +0 robe
rNeg   . . .     SustAb   .     (no shield)
rPois  .         Gourm    .     m - +0 helmet
rElec  .         Spirit   .     l - +1 cloak
rCorr  .         Warding  .     (no gloves)
rMut   .         Stasis   .     (no boots)
MR     .....                    (no amulet)
Stlth  ++........               (no ring)
                                g - ring of magical power

@: very slow, not resistant to hostile enchantments, unstealthy
A: change form in water, swift swim
a: Bend Time, Renounce Religion


You were on level 5 of the Dungeon.
You worshipped Cheibriados.
Cheibriados was noncommittal.
You were not hungry.

You visited 1 branch of the dungeon, and saw 5 of its levels.

You collected 300 gold pieces.

Inventory:

Hand weapons
 q - a +0 spear
 v - a +0 trident (weapon)
Armour
 a - a +0 robe (worn)
 l - a +1 cloak (worn)
 m - a +0 helmet (worn)
Jewellery
 g - a ring of magical power (left hand)
Magical devices
 k - a wand of confusion (16)
Scrolls
 e - 3 scrolls of identify
 f - a scroll of teleportation
 h - a scroll of random uselessness
 s - a scroll of remove curse
Potions
 d - 2 potions of curing
 i - 2 potions of might {unknown}
 j - a potion of cure mutation {unknown}
 n - 4 potions of heal wounds {unknown}
 o - a potion of ambrosia {unknown}
 p - a potion of cancellation {unknown}
 r - a potion of degeneration {unknown}
Books
 b - a Young Poisoner's Handbook

   Spells                             Type                      Level
   a - Sting                          Conjuration/Poison           1
   b - Cure Poison                    Poison                       2
   c - Mephitic Cloud                 Conjuration/Poison/Air       3
   d - Olgreb's Toxic Radiance        Poison                       4
   e - Venom Bolt                     Conjuration/Poison           5
Comestibles
 c - 5 bread rations
 t - 2 meat rations
 u - a slice of pizza


   Skills:
 + Level 3.8 Fighting
 + Level 3.5 Polearms
 + Level 5.7 Dodging
 - Level 2.1 Stealth
 + Level 4.0 Spellcasting
 + Level 5.9 Poison Magic


You had 7 spell levels left.
You knew the following spells:

 Your Spells              Type           Power        Failure   Level  Hunger
a - Sting                 Conj/Pois      ##..         8%          1    None
b - Cure Poison           Pois           ###.......   2%          2    ##.....
c - Olgreb's Toxic Radia  Pois           ###.....     17%         4    ####...


Dungeon Overview and Level Annotations

Branches:
Dungeon (5/15)
 Temple: D:4-7

Altars:
Cheibriados
Nemelex Xobeh

Annotations:
D:3 HEYYEYAAE's ghost, average OpAK


Message History

You hit the ice beast but do no damage.
The ice beast is moderately wounded.
The ice beast completely misses you.
The ice beast hits you but does no damage.
You hit the ice beast.
The ice beast is severely wounded.
The ice beast hits you. The ice beast freezes you!
You hit the ice beast.
The ice beast is severely wounded.
The ice beast hits you.
* * * LOW HITPOINT WARNING * * *
The ice beast freezes you.
* * * LOW HITPOINT WARNING * * *
You are too injured to fight recklessly!
You hit the ice beast but do no damage.
The ice beast is severely wounded.
The ice beast hits you.
* * * LOW HITPOINT WARNING * * *
The ice beast freezes you!
You die...

....## #..........# ...... #
##........... #### .##..
#..#.......# .#
.>....##.#..†....## .##
#...)..#.#.........## .#
#.##
#..........##..##...####.##
#..####.........###.##
........#
###.....###....Y###.#
.......#
##....###.....@...##
##.....#
##...##....####...###......#
##..#.....####.##.........#
##.....#..#..####.##.....###
##...#......# #.####......#
###....#..## #. #...##..
#######.# ##. ##...##..
##.##..###...## #.
#...#......# ##.


You could see an ice beast.

Vanquished Creatures
  A phantom (D:5)
  A gnoll sergeant (D:5)
  2 scorpions
  A crimson imp (D:5)
  A giant frog skeleton (D:4)
  Ijyb (D:2)
  2 hounds
  3 orc wizards (D:4)
  A worker ant (D:4)
  4 gnolls
  4 adders
  3 oozes
  A worm (D:2)
  5 giant geckos
  8 orcs
  6 bats
  4 giant cockroaches
  9 goblins
  11 hobgoblins
  5 jackals
  10 kobolds
  A ball python (D:2)
  A giant gecko skeleton (D:4)
  5 giant newts
  3 quokkas
  8 rats
101 creatures vanquished.

Notes
Turn   | Place    | Note
--------------------------------------------------------------
     0 | D:1      | oplop the Merfolk Venom Mage began the quest for the Orb.
     0 | D:1      | Reached XP level 1. HP: 13/13 MP: 3/3
   243 | D:1      | Reached XP level 2. HP: 19/19 MP: 0/5
   426 | D:1      | Learned a level 2 spell: Cure Poison
  1035 | D:2      | Reached XP level 3. HP: 21/25 MP: 3/6
  1084 | D:2      | Reached skill level 1 in Fighting
  1157 | D:2      | Noticed Ijyb
  1237 | D:2      | Killed Ijyb
  1237 | D:2      | Reached XP level 4. HP: 6/32 MP: 1/8
  1319 | D:2      | Found a snail-covered altar of Cheibriados.
  1670 | D:2      | Learned a level 4 spell: Olgreb's Toxic Radiance
  2290 | D:3      | Reached XP level 5. HP: 34/38 MP: 4/9
  2570 | D:3      | Noticed HEYYEYAAE's ghost (average OpAK)
  2681 | D:3      | Reached skill level 5 in Poison Magic
  3370 | D:4      | Reached skill level 1 in Polearms
  3587 | D:4      | Reached XP level 6. HP: 22/46 MP: 10/10
  3806 | D:4      | Noticed a phantom
  4391 | D:4      | Reached skill level 5 in Dodging
  4448 | D:4      | Found a sparkling altar of Nemelex Xobeh.
  4562 | D:5      | Entered Level 5 of the Dungeon
  4633 | D:2      | Became a worshipper of Cheibriados the Contemplative
  4859 | D:5      | Reached XP level 7. HP: 49/52 MP: 12/12
  5361 | D:5      | Mangled by an ice beast

Vault maps used:
D:1:      lightli_arrival_farm
D:2:      cheibriados_altar_1, uniq_iyjb
D:4:      kennysheep_mini
D:5:      nicolae_overflow_hidden_temple, first_bread

Action                   |  1- 3 |  4- 6 |  7- 9 || total
-------------------------+-------+-------+-------++-------
Melee: Unarmed           |    24 |       |       ||    24
       Whip              |    55 |    70 |       ||   125
       Spear             |       |   135 |       ||   135
       Trident           |       |    27 |    56 ||    83
 Cast: Sting             |    55 |    66 |     4 ||   125
       Olgreb's Toxic Ra |       |    10 |     1 ||    11
       Cure Poison       |       |     9 |     1 ||    10
  Use: Scroll            |       |     6 |       ||     6
 Stab: Sleeping          |       |     5 |     1 ||     6
  Eat: Chunk             |     1 |     9 |       ||    10
       Pizza             |       |     1 |       ||     1
       Fruit             |       |     3 |       ||     3
       Beef jerky        |       |     1 |       ||     1
       Meat ration       |       |     1 |       ||     1
